 Dungeon Crawl Stone Soup version 0.26.1-11-gd32895ea62 (webtiles) character file.

Game seed: 3105212031467616440

144 Felido the Ducker (level 5, 0/32 HPs)
             Began as a Deep Elf Monk on June 27, 2021.
             Slain by a gnoll
             ... wielding a +0 spear
              (9 damage)
             ... on level 2 of the Dungeon.
             The game lasted 00:04:34 (2562 turns).

Felido the Ducker (Deep Elf Monk)                   Turns: 2562, Time: 00:04:34

Health: 0/32       AC:  2    Str:  8 (9)  XL:     5   Next: 5%
Magic:  7/7        EV: 15    Int: 14 (15) God:
Gold:   62         SH:  0    Dex: 17      Spells: 4/4 levels left

rFire    . . .     SeeInvis .   a - +0 short sword
rCold    . . .     Faith    .   (no shield)
rNeg     . . .     Spirit   .   b - +0 robe
rPois    .         Reflect  .   (no helmet)
rElec    .         Harm     .   d - scarf {repulsion}
rCorr    .         Rampage  .   (no gloves)
Will     .....                  (no boots)
Stlth    ++........             g - amulet of regeneration
HPRegen  0.50/turn              (no ring)
MPRegen  0.10/turn              (no ring)

@: repel missiles
A: no striking features
a: no special abilities


You were on level 2 of the Dungeon.
You visited 1 branch of the dungeon, and saw 2 of its levels.

You collected 62 gold pieces.

Inventory:

Hand Weapons
 a - a +0 short sword (weapon)
Armour
 b - a +0 robe (worn)
 d - a scarf of repulsion (worn)
Jewellery
 g - an amulet of regeneration (around neck)
Scrolls
 c - a scroll of amnesia {unknown}
 e - a scroll of enchant armour {unknown}
 h - a scroll of blinking


   Skills:
 + Level 3.1 Fighting
 + Level 4.3 Short Blades
 + Level 4.5 Dodging
 + Level 3.1 Stealth


You had 4 spell levels left.
You didn't know any spells.
Your spell library was empty.

Dungeon Overview and Level Annotations

Branches:
Dungeon (2/15)

Altars:
Makhleb


Message History

The gnoll is heavily wounded.
The gnoll hits you with a +0 spear.
* * * LOW HITPOINT WARNING * * *
The gnoll hits you from afar with a +0 spear.
* * * LOW HITPOINT WARNING * * *
There is a stone staircase leading down here.
Items here: )) ††.
The gnoll barely misses you. The gnoll closely misses you.
You hit the gnoll but do no damage.
The gnoll is moderately wounded.
The gnoll hits you with a +0 spear!
You hit the gnoll.
The gnoll is heavily wounded.
The gnoll hits you with a +0 spear.
* * * LOW HITPOINT WARNING * * *
You hit the gnoll but do no damage.
The gnoll is heavily wounded.
The gnoll hits you with a +0 spear!
You die...

# #..........##....######.#..
#..........##........##....
#..........##........######
#.......##>##........#.....
#.......##)##........#.#### #
#.......##.##........#.#.##
#######.......##.#.........#.#.†.
..............##g#.........#.#.##
.............###@#.........#.#.#.
.............# #.#.####....#.#.#.
###..........# #.#.# ######.#<..
#..........# #.#.# #.#.#.
####.......###.#.# #.#...
#.....≈..##.#.### #.#.##
#....≈≈..##.....# #.#...
#...≈≈≈..####.#.# #.####
###.≈≈≈≈......#.# #.....


You could see a gnoll.

Vanquished Creatures
  A hound (D:2)
  2 adders (D:2)
  2 gnolls (D:2)
  2 oozes
  2 adder skeletons (D:2)
  An adder zombie (D:2)
  A worm (D:2)
  2 dart slugs
  A ball python (D:2)
  A bat skeleton (D:2)
  2 giant cockroaches (D:2)
  5 goblins
  8 hobgoblins
  4 bats
  4 frilled lizards
  A giant cockroach zombie (D:2)
  7 kobolds
  10 rats
56 creatures vanquished.

Vanquished Creatures (others)
  2 bushes (D:2)
  2 fungi (D:2)
4 creatures vanquished.

Grand Total: 60 creatures vanquished

Notes
Turn   | Place    | Note
-------+----------+-------------------------------------------
     0 | D:1      | Felido the Deep Elf Monk began the quest for the Orb.
     0 | D:1      | Reached XP level 1. HP: 13/13 MP: 3/3
   150 | D:1      | Reached XP level 2. HP: 6/18 MP: 4/4
   866 | D:1      | Reached XP level 3. HP: 22/22 MP: 5/5
  2002 | D:2      | Reached XP level 4. HP: 13/27 MP: 6/6
  2113 | D:2      | Found a burning altar of Makhleb.
  2507 | D:2      | Reached XP level 5. HP: 14/32 MP: 7/7
  2562 | D:2      | Slain by a gnoll

Illustrated notes

Levels and vault maps discovered:
D:1:      scummos_arrival_gate, layout_basic
D:2:      layout_basic, serial_undead, serial_undead_c, serial_undead_d,
          serial_undead_d, serial_undead_f, makhleb_heckhound_becter,
          uniq_crazy_yiuf_cottage

Skill      XL: |  1  2  3  4 |
---------------+-------------+-----
Dodging        | 4 |  4.5
Stealth        | 3 |  3.1
Fighting       | 3 |  3.1
Short Blades   | 4 |  4.3

Action                   |  1- 3 |  4- 6 || total
-------------------------+-------+-------++-------
Melee: Short sword       |   162 |   112 ||   274
  Use: Scroll            |     2 |       ||     2
       Potion            |     2 |       ||     2
 Stab: Sleeping          |     6 |     1 ||     7
Armor: Robe              |    17 |    13 ||    30
Dodge: Dodged            |    83 |    81 ||   164
